 Dungeon Sprint DCSS version 0.27.1 (webtiles) character file.

Game seed: 6655324392410719076

5876 styxcanada the Imperceptible (level 10, -20/55 HPs)
             Began as a Spriggan Brigand on Aug 31, 2021.
             Was an Initiate of Gozag.
             Demolished by a spriggan berserker (31 damage)
             ... in the Dungeon (Sprint IV: "Fedhas' Mad Dash").
             The game lasted 00:10:13 (1412 turns).

styxcanada the Imperceptible (Spriggan Brigand)     Turns: 1412, Time: 00:10:14

Health: -20/55     AC:  7    Str: 13    XL:     10   Next: 52%
Magic:  20/20      EV: 24    Int: 14    God:    Gozag
Gold:   136        SH:  7    Dex: 19    Spells: 16/21 levels left

rFire    . . .     SeeInvis +   a - +3 dagger
rCold    . . .     Faith    .   w - +2 buckler
rNeg     . . .     Spirit   .   b - +0 robe
rPois    .         Reflect  .   (helmet restricted)
rElec    .         Harm     .   c - +0 cloak
rCorr    .         Rampage  .   (gloves unavailable)
Will     +....     NoTele   +   (boots unavailable)
Stlth    +++++++++.             l - amulet of invisibility {+Inv}
HPRegen  0.18/turn              q - +4 ring of protection
MPRegen  0.17/turn              r - +6 ring of strength

@: very slightly contaminated, invisible (expiring), very quick
A: very small, no large weapons, unfitting armour, see invisible, speed 3
a: Renounce Religion, Evoke Invisibility, Potion Petition, Call Merchant, Bribe
Branch


You were in the Dungeon.
You worshipped Gozag.
Gozag was aware of your devotion.
You visited 1 branch You collected 2290 gold pieces.
You spent 2154 gold pieces at shops.

Inventory:

Hand Weapons
 a - a +3 dagger (weapon)
Missiles
 d - 8 poisoned darts (quivered)
 e - 2 curare-tipped darts
 n - 56 stones
Armour
 b - a +0 robe (worn)
 c - a +0 cloak (worn)
 w - a +2 buckler (worn)
Jewellery
 l - the amulet of invisibility (around neck) {+Inv}
   (You found it in the Dungeon)

   [amulet of nothing]

   +Inv:      It lets you turn invisible.
 q - a +4 ring of protection (left hand)
 r - a +6 ring of strength (right hand)
 v - an amulet of regeneration
Wands
 p - a wand of mindburst (7)
 t - a wand of acid (7)
Scrolls
 k - a scroll of blinking
 m - a scroll of magic mapping {unknown}
 o - a scroll of identify
Potions
 f - 2 potions of curing
 g - a potion of heal wounds
 h - a potion of haste
 i - 2 potions of magic
 j - a potion of berserk rage
 s - a potion of cancellation {unknown}
Miscellaneous
 u - a condenser vane (inert)


   Skills:
 * Level 7.2 Fighting
 + Level 6.0 Short Blades
 + Level 6.4 Throwing
 * Level 10.5 Dodging
 * Level 24.5 Stealth
 * Level 6.0 Spellcasting
 * Level 6.1 Hexes
 * Level 11.0 Evocations


You had 16 spell levels left.
You knew the following spells:

 Your Spells              Type           Power      Damage    Failure   Level
a - Slow                  Hex            21%        N/A       3%          2
b - Confusing Touch       Hex            21%        N/A       6%          3

Your spell library contained the following spells:

 Spells                   Type           Power      Damage    Failure   Level
 Shock                    Conj/Air       16%        1d4       26%         1
 Passwall                 Tmut/Erth      3%         N/A       36%         2
 Leda's Liquefaction      Hex/Erth       6%         N/A       58%         4
 Swiftness                Air            4%         N/A       61%         3
 Yara's Violent Unravell  Hex/Tmut       6%         3d5       91%         5
 Airstrike                Air            2%         N/A       95%         4
 Dragon's Call            Summ           2%         N/A       100%        9


Dungeon Overview and Level Annotations

Branches:
Dungeon (1/1)

Altars:
Cheibriados
Dithmenos
Elyvilon
Gozag
Hepliaklqana
Kikubaaqudgha
Makhleb
Nemelex Xobeh
Okawaru
Qazlal
Ru
Sif Muna
Trog
Uskayaw
Vehumet
Wu Jian
Xom
Yredelemnul
Zin
The Shining One
Beogh
Jiyva
Lugonu

Shops:
D :*[**=:*

Annotations:
D Agnes


Innate Abilities, Weirdness & Mutations

You are very small and have problems with some larger weapons.
You are too small for most types of armour.
You have supernaturally acute eyesight. (SInv)
You cover ground extremely quickly. (Speed+++)


Message History

The death yak is engulfed in poison gas.
The death yak looks even sicker.
The spriggan berserker is engulfed in poison gas.
The spriggan berserker looks as sick as possible!
The spriggan berserker closely misses you.
Agnes looks as sick as possible!
The polar bear is engulfed in poison gas.
The polar bear looks even sicker.
You hit the spriggan berserker.
The spriggan berserker is moderately wounded.
You flicker for a moment.
Agnes is engulfed in poison gas.
Agnes looks as sick as possible!
The spriggan berserker is engulfed in poison gas.
The spriggan berserker looks as sick as possible!
You block the spriggan berserker's attack.
Agnes is engulfed in poison gas.
Agnes looks as sick as possible!
You hit the spriggan berserker.
The spriggan berserker is moderately wounded.
The spriggan berserker is engulfed in poison gas.
The spriggan berserker looks as sick as possible!
The spriggan berserker hits you with a +0 rapier!!
* * * LOW HITPOINT WARNING * * *
Agnes is engulfed in poison gas.
Agnes looks as sick as possible!
The death yak is engulfed in poison gas.
The death yak looks even sicker.
The death yak rages.
The spriggan berserker is engulfed in poison gas.
The spriggan berserker looks as sick as possible!
The spriggan berserker closely misses you.
Agnes is engulfed in poison gas.
Agnes looks as sick as possible!
You hear a bellow!
The spriggan berserker is engulfed in poison gas.
The spriggan berserker looks as sick as possible!
You hear a bellow!
Agnes is engulfed in poison gas.
Agnes looks as sick as possible!
There is an open door here.
The spriggan berserker hits you with a +0 rapier!!
Ouch! That really hurt!
You die...
Your body crumbles into a pile of gold.

#################################
...#.⌠._._._._.⌠.#..'...#....##∩#
.).'.._._._._._..'..#...#....'..#
...#..._._._._...#..###'##...##∩#
#'##.._._._._._..#..##∩∩.'...####
...#._._._._._.⌠.################
...###################....([###..
####♣♣♣♣♣..♣)###.i.('.......'.'..
.['......♣..♣##.@#..#.P.....#####
..#♣..♣♣♣.♣).###.##i##.P....#
..#.♣♣..♣...♣'...#♣§♣########
##################..§..# #
#..♣..♣....# #h..♣h.....♣..
........♣.....∩.∩
.################


You could see a spriggan berserker (berserk, regenerating, strong-willed,
extremely poisoned).

Vanquished Creatures
  A spriggan druid (D)
  6 oklob plants (D)
  A demonic crawler (D)
  A queen bee (D)
  3 burning bushes (D)
  3 wandering mushrooms (D)
  A hornet (D)
  3 scorpions (D)
  4 killer bees (D)
  5 oklob saplings (D)
  5 spriggans (D)
  A river rat (D)
  A rat (D)
  A ballistomycete spore (D)
36 creatures vanquished.

Vanquished Creatures (others)
  A fungus (D)
1 creature vanquished.

Grand Total: 37 creatures vanquished

Notes
Turn   | Place    | Note
-------+----------+-------------------------------------------
     0 | D        | styxcanada the Spriggan Brigand began the quest for the
                  | Orb.
     0 | D        | Reached XP level 1. HP: 10/10 MP: 2/2
     9 | D        | Reached skill level 8 in Stealth
     9 | D        | Reached XP level 2. HP: 15/15 MP: 3/3
    12 | D        | Noticed an oklob sapling
    14 | D        | Killed an oklob sapling
    15 | D        | Reached skill level 10 in Stealth
    15 | D        | Reached XP level 3. HP: 18/18 MP: 4/4
    16 | D        | Noticed a scorpion
    16 | D        | Found the amulet of invisibility {+Inv}
    18 | D        | Killed a scorpion
    19 | D        | Reached skill level 12 in Stealth
    19 | D        | Reached XP level 4. HP: 23/23 MP: 5/5
    40 | D        | Found an opulent altar of Gozag.
    40 | D        | Found a hazy altar of Hepliaklqana.
    40 | D        | Found a burning altar of Makhleb.
    40 | D        | Found a sparkling altar of Nemelex Xobeh.
    40 | D        | Found a snail-covered altar of Cheibriados.
    40 | D        | Found a sacrificial altar of Ru.
    40 | D        | Found a shimmering blue altar of Sif Muna.
    40 | D        | Found a shimmering altar of Xom.
    40 | D        | Found a basalt altar of Yredelemnul.
    41 | D        | Found a viscous altar of Jiyva.
    41 | D        | Found a bloodstained altar of Trog.
    41 | D        | Found an ornate altar of the Wu Jian Council.
    42 | D        | Found an iron altar of Okawaru.
    42 | D        | Found a shadowy altar of Dithmenos.
    42 | D        | Found a glowing silver altar of Zin.
    43 | D        | Found an ancient bone altar of Kikubaaqudgha.
    43 | D        | Found a hide-covered altar of Uskayaw.
    44 | D        | Found a stormy altar of Qazlal.
    44 | D        | Found a white marble altar of Elyvilon.
    44 | D        | Found a glowing golden altar of the Shining One.
    45 | D        | Became a worshipper of Gozag Ym Sagoz the Greedy
    46 | D        | Found a corrupted altar of Lugonu.
    46 | D        | Found a radiant altar of Vehumet.
    50 | D        | Reached skill level 13 in Stealth
    50 | D        | Reached XP level 5. HP: 28/28 MP: 3/6
    96 | D        | Reached skill level 14 in Stealth
   147 | D        | Reached skill level 5 in Dodging
   147 | D        | Reached skill level 15 in Stealth
   147 | D        | Reached skill level 1 in Evocations
   384 | D        | Reached XP level 6. HP: 32/32 MP: 7/7
   439 | D        | Found Ceoxtud's General Store.
   439 | D        | Found Doonwioka's Book Emporium.
   445 | D        | Bought a book of Misfortune for 312 gold pieces
   446 | D        | Bought a scroll of identify for 20 gold pieces
   446 | D        | Bought a potion of curing for 30 gold pieces
   549 | D        | Noticed a burning bush
   549 | D        | Noticed a wandering mushroom
   550 | D        | Noticed a wandering mushroom
   553 | D        | Killed a burning bush
   554 | D        | Reached skill level 17 in Stealth
   554 | D        | Killed a wandering mushroom
   555 | D        | Reached skill level 18 in Stealth
   555 | D        | Reached XP level 7. HP: 38/38 MP: 5/8
   555 | D        | Killed a wandering mushroom
   556 | D        | Reached skill level 5 in Fighting
   556 | D        | Reached skill level 5 in Throwing
   556 | D        | Reached skill level 19 in Stealth
   570 | D        | Found Nedghec's Jewellery Emporium.
   570 | D        | Found Jawaisk's General Store.
   575 | D        | Got Sif Muna's Compendium of the Dusty Entourage
   577 | D        | Bought a scroll of identify for 20 gold pieces
   629 | D        | Reached XP level 8. HP: 43/43 MP: 6/9
   635 | D        | Noticed a queen bee
   642 | D        | Killed a queen bee
   643 | D        | Reached skill level 20 in Stealth
   643 | D        | Reached skill level 5 in Evocations
   644 | D        | Reached skill level 5 in Short Blades
   651 | D        | Learned a level 2 spell: Slow
   655 | D        | Learned a level 3 spell: Confusing Touch
   697 | D        | Noticed an oklob plant
   700 | D        | Killed an oklob plant
   701 | D        | Reached skill level 21 in Stealth
   713 | D        | Noticed a burning bush
   716 | D        | Killed a burning bush
   717 | D        | Reached XP level 9. HP: 48/48 MP: 8/13
   823 | D        | Bought a +6 ring of strength for 760 gold pieces
   869 | D        | Noticed a burning bush
   869 | D        | Noticed an oklob plant
   870 | D        | Noticed a wandering mushroom
   871 | D        | Killed a burning bush
   876 | D        | Killed an oklob plant
   877 | D        | Reached skill level 22 in Stealth
   880 | D        | Killed a wandering mushroom
   885 | D        | Identified the +3 leather armour "Ydau" {Will- Regen+ Dex+8
                  | Stlth+}
   963 | D        | Noticed a spriggan druid
   965 | D        | Killed a spriggan druid
  1127 | D        | Noticed an oklob plant conjurer
  1128 | D        | Killed an oklob plant conjurer
  1129 | D        | Reached skill level 23 in Stealth
  1229 | D        | Noticed an oklob plant
  1229 | D        | Noticed an oklob plant summoner
  1230 | D        | Noticed an oklob plant shifter
  1234 | D        | Killed an oklob plant
  1235 | D        | Reached skill level 5 in Spellcasting
  1235 | D        | Reached skill level 5 in Hexes
  1235 | D        | Reached XP level 10. HP: 53/53 MP: 15/18
  1236 | D        | Killed an oklob plant summoner
  1237 | D        | Reached skill level 10 in Dodging
  1239 | D        | Killed an oklob plant shifter
  1240 | D        | Reached skill level 10 in Evocations
  1294 | D        | Noticed a spriggan rider
  1295 | D        | Found Ubemeiq's Book Emporium.
  1299 | D        | Reached skill level 24 in Stealth
  1299 | D        | Found Romolul's Assorted Antiques.
  1303 | D        | Killed a spriggan rider
  1325 | D        | Bought a bone wand for 92 gold pieces
  1325 | D        | Bought a condenser vane for 920 gold pieces
  1390 | D        | Noticed Agnes
  1392 | D        | Found Huges's Armour Emporium.
  1392 | D        | Noticed a spriggan berserker
  1394 | D        | Found Terofu's General Store.
  1401 | D        | Noticed a death yak
  1412 | D        | Demolished by a spriggan berserker

Illustrated notes

Levels and vault maps discovered:
D:        dungeon_sprint_fedhas [sprint_temple]

Skill      XL: |  1  2  3  4  5  6  7  8  9 10 |
---------------+-------------------------------+-----
Dodging        | 2 3 4 5 7 8 9 10 | 10.5
Stealth        | 8 10 12 13 15 18 19 21 23 24 | 24.5
Fighting       | 2 3 4 5 6 7 |  7.2
Short Blades   | 3 4 5 6 |  6.0
Throwing       | 3 4 5 6 |  6.4
Evocations     | 1 3 4 6 9 11 | 11.0
Spellcasting   | 2 5 6 |  6.0
Hexes          | 2 5 6 |  6.1

Action                   |  1- 3 |  4- 6 |  7- 9 | 10-12 || total
-------------------------+-------+-------+-------+-------++-------
Melee: Dagger            |     4 |    11 |    19 |    13 ||    47
Throw: Dart              |       |    15 |       |       ||    15
       Stone             |       |     4 |       |       ||     4
 Abil: Evoke Invisibilit |       |     3 |     6 |     2 ||    11
Evoke: Condenser vane    |       |       |       |     1 ||     1
  Use: Scroll            |       |       |     2 |       ||     2
 Stab: Sleeping          |     4 |     4 |    17 |     6 ||    31
       Invisible         |       |       |     1 |       ||     1
Dodge: Dodged            |       |    11 |     1 |     7 ||    19
Block: Buckler           |       |       |       |     2 ||     2
